 Dungeon Crawl Stone Soup version 0.30.1-11-g7821555f0a (webtiles) character file.

Game seed: 14882881459153452610

331 Gumption the Gusty (level 6, 0/45 HPs)
             Began as a Draconian Air Elementalist on Nov 18, 2023.
             Was a Believer of Elyvilon.
             Slain by an ogre
             ... wielding a +0 giant club
              (26 damage)
             ... on level 4 of the Dungeon.
             The game lasted 00:39:57 (4128 turns).

Gumption the Gusty (Draconian Air Elementalist)     Turns: 4128, Time: 00:39:57

Health: 0/45       AC:  8    Str: 10    XL:     6   Next: 26%
Magic:  7/10       EV: 12    Int: 18    God:    Elyvilon [**....]
Gold:   145        SH:  5    Dex: 11    Spells: 5/11 levels left

rFire   . . .        a - +2 whip (elec)
rCold   . . .        (no shield)
rNeg    . . .        (body armour unavailable)
rPois   .            (helmet restricted)
rElec   .            (no cloak)
rCorr   .            k - +1 Delatra's gloves {ID++}
SInv    .            (no boots)
Will    .....        l - amulet of reflection
Stlth   ++           (no ring)
HPRegen 0.27/turn    (no ring)
MPRegen 0.12/turn

%: reflection
@: no status effects
A: AC +6, unfitting armour, cold-blooded
a: Renounce Religion, Purification, Heal Other


You were on level 4 of the Dungeon.
You worshipped Elyvilon.
Elyvilon was pleased with you.
You visited 1 branch of the dungeon, and saw 6 of its levels.

You collected 145 gold pieces.

Inventory:

Hand Weapons
 a - a +2 whip of electrocution (weapon)
 r - a +0 dagger
Armour
 k - the +1 Delatra's gloves (worn) {ID++}
   (You found it on level 3 of the Dungeon)

   ID++:      It heals its wearer when they drink unknown potions, and restores
   their MP when they read unknown scrolls.
Jewellery
 l - an amulet of reflection (around neck)
Wands
 o - a wand of digging (8)
 p - a wand of quicksilver (7)
 s - a wand of polymorph (10)
Scrolls
 b - a scroll of fog
 e - a scroll of enchant armour
 g - a scroll of amnesia {unknown}
 h - 7 scrolls of identify
 i - a scroll of teleportation {unknown}
 j - a scroll of immolation {unknown}
 m - a scroll of brand weapon {unknown}
 n - a scroll of enchant weapon {unknown}
 q - a scroll of summoning {unknown}
Potions
 c - 2 potions of magic
 d - 2 potions of resistance
 f - 3 potions of heal wounds {unknown}


   Skills:
 + Level 2.9 Dodging
 + Level 2.5 Stealth
 + Level 3.0 Spellcasting
 - Level 3.0 Conjurations
 * Level 4.8 Air Magic


You had 5 spell levels left.
You knew the following spells:

 Your Spells              Type           Power      Damage    Failure   Level
a - Shock                 Conj/Air       64%        1d7       3%          1
b - Static Discharge      Conj/Air       32%        2-4/arc   4%          2
c - Swiftness             Air            20%        N/A       7%          3

Your spell library contained the following spells:

 Spells                   Type           Power      Damage    Failure   Level
 Magic Dart               Conj           52%        1d5       4%          1
 Mephitic Cloud           Conj/Pois/Air  12%        N/A       17%         3
 Airstrike                Air            10%        2d(2-18)  22%         4
 Call Imp                 Summ           4%         N/A       24%         2
 Sublimation of Blood     Necr           2%         N/A       24%         2
 Petrify                  Tmut/Erth      2%         N/A       85%         4
 Irradiate                Conj/Tmut      4%         3d13      94%         5


Dungeon Overview and Level Annotations

Branches:
Dungeon (6/15)
 Temple: D:4-7

Altars:
Elyvilon

Annotations:
D:3 3 runed translucent doors, Tali's ghost, amateur DsCK


Innate Abilities, Weirdness & Mutations

Your plain brown scales are hard. (AC +6)
You cannot fit into any form of body armour.
You are cold-blooded and may be slowed by cold attacks.


Message History

Press: ? - help, Shift-Dir - straight line The zap hits the gnoll.
You kill the gnoll!
An ogre comes into view. It is wielding a +0 giant club.
The ogre shouts!
You hear an angry hiss.
An endoplasm comes into view.
As you read the scroll labelled VAUTYCZ SOPTEPT, it crumbles to dust.
It is a scroll of enchant armour.
You aren't carrying any armour which can be enchanted further.
The energy of discovery flows from your fingertips!
Magic courses through your body.
Okay, then.
Casting: Shock (safe; 3% risk of failure)
Confirm with . or Enter, or press ? or * to list all spells.
Aiming: Shock (safe; 3% risk of failure)
Press: ? - help, Shift-Dir - straight line, f - ogre
Aim: an ogre, wielding a +0 giant club (86% to hit)
The zap hits the ogre.
The ogre is lightly wounded.
Casting: Shock (safe; 3% risk of failure)
Confirm with . or Enter, or press ? or * to list all spells.
Aiming: Shock (safe; 3% risk of failure)
Press: ? - help, Shift-Dir - straight line, f/p - ogre
Aim: an ogre, wielding a +0 giant club (lightly wounded, 86% to hit)
The zap hits the ogre.
The ogre is moderately wounded.
The ogre closely misses you.
Casting: Shock (safe; 3% risk of failure)
Confirm with . or Enter, or press ? or * to list all spells.
Aiming: Shock (safe; 3% risk of failure)
Press: ? - help, Shift-Dir - straight line, f/p - ogre
Aim: an ogre, wielding a +0 giant club (moderately wounded, 86% to hit)
The zap hits the ogre.
The ogre is heavily wounded.
You hit the ogre.
You tail-slap the ogre, but do no damage.
The ogre is heavily wounded.
The ogre hits you with a +0 giant club!!
Ouch! That really hurt!
You die...

#......# #.# ###.#### #### #.#
#.# ...# #.# #.# ...# #.#
#.#### ...######.# ##....#
...##.....# #####..##.#
...##.#.#.#
.......##.####.###......#
P...........O@.##...#.#.######
.P..##..#...######............#
.P.. #........# #........###.#


PP. #.)##..#.# #.####.#...... .. #))##..#.O.... #.#..#.#. #..##....#.##
#.#...... #..#......#.. ....(#.#. #..#.#.#.##.#. .#....... .........?..... ...
.....#.#. You could see an ogre.

Vanquished Creatures
  2 orc priests
  A hound (D:4)
  An orc wizard (D:3)
  Ijyb (D:4)
  4 gnolls (D:4)
  5 adders
  A dart slug (D:3)
  17 orcs
  8 bats
  3 endoplasms
  3 giant cockroaches
  5 goblins
  10 hobgoblins
  4 quokkas
  7 ball pythons
  4 frilled lizards
  12 kobolds
  7 rats
95 creatures vanquished.

Notes
Turn   | Place    | Note
-------+----------+-------------------------------------------
     0 | D:1      | Gumption the Draconian Air Elementalist began the quest for
                  | the Orb.
     0 | D:1      | Reached XP level 1. HP: 14/14 MP: 3/3
   342 | D:1      | Reached XP level 2. HP: 20/20 MP: 3/5
   403 | D:1      | Learned a level 2 spell: Static Discharge
  1371 | D:2      | Reached XP level 3. HP: 26/26 MP: 1/6
  1687 | D:2      | Found a faded altar of an unknown god.
  1701 | D:2      | Prayed at the altar of an unknown god.
  1701 | D:2      | Became a worshipper of Elyvilon the Healer
  1701 | D:2      | Reached * piety under Elyvilon
  2482 | D:3      | Learned a level 3 spell: Swiftness
  2570 | D:3      | Reached XP level 4. HP: 33/33 MP: 1/7
  2930 | D:3      | Reached skill level 4 in Air Magic
  3052 | D:3      | Reached ** piety under Elyvilon
  3097 | D:3      | Found the +1 Delatra's gloves {ID++}
  3342 | D:3      | Found a runed translucent gate.
  3342 | D:3      | Found a runed translucent gate.
  3342 | D:3      | Found a runed translucent gate.
  3343 | D:3      | Noticed Tali's ghost (amateur DsCK)
  3628 | D:4      | Reached XP level 5. HP: 38/38 MP: 5/8
  3740 | D:4      | You fall into a shaft and drop 2 floors!
  3782 | D:5      | Entered Level 5 of the Dungeon
  3912 | D:4      | Noticed Ijyb
  3919 | D:4      | Killed Ijyb
  3925 | D:4      | Reached XP level 6. HP: 44/45 MP: 3/10
  4128 | D:4      | Slain by an ogre

Illustrated notes

Levels and vault maps discovered:
D:1:      dpeg_arrival_another_circle, layout_basic
D:2:      layout_loops_cross, shapermc_ecumenical_altar_acropolis,
          minmay_tetromino_l2
D:3:      layout_rooms, ebering_ghost_rock_garden
D:4:      layout_loops_cross, mainiacjoe_overflow_chevrons, serial_glass,
          glass_columns_c, glass_columns_a, glass_columns_a, glass_columns_c,
          glass_columns_a, glass_columns_c, glass_columns_a, glass_columns_a,
          glass_columns_a, glass_columns_b, uniq_ijyb
D:5:      layout_loops_ring, gammafunk_ghost_cemetery
D:6:      layout_rooms, mainiacjoe_overflow_tiny_flanked,
          minmay_temple_entry_sparse_star, uniq_prince_ribbit1

Skill      XL: |  1  2  3  4  5  6 |
---------------+-------------------+-----
Dodging        | 2 |  2.9
Conjurations   | 2 3 |  3.0
Air Magic      | 4 |  4.8
Stealth        | 2 |  2.5
Spellcasting   | 3 |  3.0

Action                     |  1- 3 |  4- 6 || total
---------------------------+-------+-------++-------
  Melee: Dagger            |    21 |    16 ||    37
         Tailslap          |     3 |     2 ||     5
         Whip              |       |     6 ||     6
   Cast: Shock             |    80 |    81 ||   161
         Static Discharge  |     2 |     4 ||     6
 Invoke: Purification      |       |     2 ||     2
    Use: Scroll            |       |     3 ||     3
   Stab: Sleeping          |     1 |       ||     1
 Armour: Skin              |    24 |    12 ||    36
  Dodge: Dodged            |    54 |    24 ||    78
  Block: Other             |       |     4 ||     4
